 Dungeon Crawl Stone Soup version 0.21-a0-401-g0b6bec4 (webtiles) character file.

328737 marcelo90z the Peltast (level 20, -10/185 HPs)
             Began as a Minotaur Berserker on Oct 25, 2017.
             Was the Champion of Trog.
             Mangled by an azure jelly (44 damage)
             ... created by the Royal Jelly
             ... while paralysed by a floating eye
             ... on level 5 of the Pits of Slime on Oct 26, 2017.
             The game lasted 01:59:00 (38373 turns).

marcelo90z the Peltast (Minotaur Berserker)        Turns: 38373, Time: 01:59:00

Health: -10/185    AC: 35    Str: 32    XL:     20   Next: 81%
Magic:  27/27      EV:  2    Int: 11    God:    Trog [******]
Gold:   2951       SH:  0    Dex: 18    Spells: 19/19 levels left

rFire    . . .     SeeInvis +   i - +9 broad axe (chop)
rCold    . . .     Gourm    .   q - +5 shield
rNeg     . . .     Faith    .   k - +9 plate armour of the Tormentor {rPois Regen+ Int+9}
rPois    +         Spirit   .   C - +0 mask of the Dragon {MR+ Slay+3 SInv}
rElec    .         Reflect  +   Q - +2 cloak of Okawaru's Supremacy {rCorr}
rCorr    +         Harm     .   Z - +1 pair of gloves of Cowardice {rPois Str+4 Slay+2}
MR       +++++     Rnd*Rage +   x - +2 pair of boots
Stlth    ..........             v - +5 amulet of reflection
HPRegen  1.80/turn              j - ring of Robustness {AC+8}
MPRegen  0.20/turn              E - +5 ring of strength

@: paralysed, corroded, very slightly contaminated, regenerating, hasted,
studying Fighting
A: retaliatory headbutt, hooves 1, horns 2, berserk 1, deformed body,
deterioration 1, dopey 1, magic resistance 1, screaming 1
}: 2/15 runes: decaying, gossamer
a: Berserk, Trog's Hand, Brothers in Arms, Burn Spellbooks, Renounce Religion


You were on level 5 of the Pits of Slime.
You worshipped Trog.
Trog was exalted by your worship.
You were not hungry.

You visited 9 branches of the dungeon, and saw 42 of its levels.
You also visited: Ossuary, Ice Cave and Volcano.

You collected 4764 gold pieces.
You spent 1813 gold pieces at shops.

Inventory:

Hand Weapons
 i - a +9 broad axe of chopping (weapon)
 J - a +4 war axe of flaming
Missiles
 r - 26 tomahawks (quivered)
 I - 10 tomahawks of dispersal
 S - 4 javelins of returning
Armour
 k - the +9 plate armour of the Tormentor (worn) {rPois Regen+ Int+9}
   (You found it on level 4 of the Lair of Beasts)

   It affects your intelligence (+9).
   It protects you from poison.
   It increases your rate of regeneration.
 q - a +5 shield (worn)
 x - a +2 pair of boots (worn)
 C - the +0 mask of the Dragon (worn) {MR+ Slay+3 SInv}
   (You found it on level 2 of the Lair of Beasts)

   It affects your accuracy and damage with ranged weapons and melee attacks
   (+3).
   It affects your resistance to hostile enchantments.
   It lets you see invisible.
 Q - the +2 cloak of Okawaru's Supremacy (worn) {rCorr}
   (You bought it in a shop on level 2 of the Orcish Mines)

   It protects you from acid and corrosion.
 Z - the +1 pair of gloves of Cowardice (worn) {rPois Str+4 Slay+2}
   (You found it on level 13 of the Dungeon)

   It affects your strength (+4).
   It affects your accuracy and damage with ranged weapons and melee attacks
   (+2).
   It protects you from poison.
Jewellery
 j - the ring of Robustness (left hand) {AC+8}
   (You found it on level 4 of the Lair of Beasts)

   [ring of protection]

   It affects your AC (+8).
 v - a +5 amulet of reflection (around neck)
 E - a +5 ring of strength (right hand)
 Y - an uncursed ring of protection from cold
Wands
 f - a wand of acid (8/15)
 p - a wand of disintegration (22/24)
 u - a wand of scattershot (6/9)
 B - a wand of lightning (12/15)
Scrolls
 o - 3 scrolls of recharging
 t - 2 scrolls of summoning
 z - 12 scrolls of teleportation
 D - 3 scrolls of remove curse
 K - 2 scrolls of fear
 X - 2 scrolls of holy word
Potions
 b - a potion of cancellation
 m - 7 potions of ambrosia
 s - 4 potions of heal wounds
 w - 21 potions of curing
 G - 4 potions of flight
 H - 2 potions of haste
Books
 A - a book of Minor Magic

   Spells                             Type                      Level
   a - Magic Dart                     Conjuration                  1
   b - Blink                          Translocation                2
   c - Call Imp                       Summoning                    2
   d - Slow                           Hexes                        2
   e - Conjure Flame                  Conjuration/Fire             3
   f - Mephitic Cloud                 Conjuration/Poison/Air       3
   Trog disapproves of the use of such an item.
 M - a book of Maledictions

   Spells                             Type                      Level
   a - Corona                         Hexes                        1
   b - Ensorcelled Hibernation        Hexes/Ice                    2
   c - Confuse                        Hexes                        3
   d - Tukima's Dance                 Hexes                        3
   e - Dazzling Spray                 Conjuration/Hexes            3
   Trog disapproves of the use of such an item.
 O - a book of Conjurations

   Spells                             Type                      Level
   a - Magic Dart                     Conjuration                  1
   b - Searing Ray                    Conjuration                  2
   c - Dazzling Spray                 Conjuration/Hexes            3
   d - Fulminant Prism                Conjuration/Hexes            4
   e - Force Lance                    Conjuration/Translocation    4
   f - Iskenderun's Mystic Blast      Conjuration                  4
   Trog disapproves of the use of such an item.
 P - a book of Cantrips

   Spells                             Type                      Level
   a - Confusing Touch                Hexes                        1
   b - Animate Skeleton               Necromancy                   1
   c - Summon Small Mammal            Summoning                    1
   d - Apportation                    Translocation                1
   Trog disapproves of the use of such an item.
 R - a book of Misfortune

   Spells                             Type                      Level
   a - Confusing Touch                Hexes                        1
   b - Confuse                        Hexes                        3
   c - Gell's Gravitas                Translocation                3
   d - Petrify                        Transmutation/Earth          4
   e - Metabolic Englaciation         Hexes/Ice                    5
   f - Yara's Violent Unravelling     Hexes/Transmutation          5
   Trog disapproves of the use of such an item.
 T - a manual of Fighting
 U - a book of Summonings

   Spells                             Type                      Level
   a - Recall                         Summoning/Translocation      3
   b - Aura of Abjuration             Summoning                    5
   c - Summon Demon                   Summoning                    5
   d - Summon Forest                  Summoning/Translocation      5
   e - Summon Mana Viper              Hexes/Summoning              5
   f - Shadow Creatures               Summoning                    6
   Trog disapproves of the use of such an item.
 V - a book of Minor Magic

   Spells                             Type                      Level
   a - Magic Dart                     Conjuration                  1
   b - Blink                          Translocation                2
   c - Call Imp                       Summoning                    2
   d - Slow                           Hexes                        2
   e - Conjure Flame                  Conjuration/Fire             3
   f - Mephitic Cloud                 Conjuration/Poison/Air       3
   Trog disapproves of the use of such an item.
Miscellaneous
 L - a phantom mirror
Comestibles
 c - 13 bread rations
 d - 7 royal jellies
 h - 18 meat rations
 N - 47 fruits


   Skills:
 + Level 17.6 Fighting
 - Level 18.0 Axes
 - Level 16.1 Throwing
 + Level 16.2 Armour
 + Level 15.1 Dodging
 + Level 19.0 Shields
 + Level 11.2 Evocations


You had 19 spell levels left.
You didn't know any spells.

Dungeon Overview and Level Annotations

Branches:
Dungeon (15/15)            Temple (1/1) D:6            Lair (6/6) D:9
  Swamp (4/4) Lair:3       Spider (4/4) Lair:2        Slime (5/5) Lair:6
    Orc (2/2) D:11            Elf (0/3) Orc:2        Vaults (4/5) D:13
  Crypt (0/3) Vaults:2     Depths (1/5) D:15

Altars:
Ashenzari
Cheibriados
Elyvilon
Fedhas
Gozag
Hepliaklqana
Kikubaaqudgha
Makhleb
Okawaru
Qazlal
Ru
Sif Muna
Trog
Vehumet
The Shining One
Jiyva

Shops:
D:7 *:*[!   D:14 !   Orc:2 [[}(:   Vaults:2 }   Vaults:4 (}}[*

Portals:
Trove: D:11 (show abyssal rune of Zot)

Annotations:
Slime:5 Royal Jelly


Innate Abilities, Weirdness & Mutations

You reflexively headbutt those who attack you in melee.
You have a pair of horns on your head.
You have large cloven feet.
You tend to lose your temper in combat.
Armour fits poorly on your strangely shaped body.
Your body sometimes deteriorates upon taking damage.
You are dopey. (Int -2)
You are resistant to hostile enchantments. (MR+)
You occasionally shout uncontrollably at your foes.


Message History

* * * LOW HITPOINT WARNING * * *
The azure jelly hits you but does no damage. x7
The azure jelly hits you.
* * * LOW HITPOINT WARNING * * *
The floating eye pulsates ominously.
The acid blob spits acid at you. The splash of acid hits you!
You are splashed with acid!
The acid burns!
You resist.
* * * LOW HITPOINT WARNING * * *
The acid blob spits acid at you. The splash of acid hits you!
You are splashed with acid!
The acid burns!
You resist.
* * * LOW HITPOINT WARNING * * *
The death ooze completely misses you.
The death ooze hits you but does no damage.
The azure jelly hits you but does no damage.
The azure jelly hits you.
* * * LOW HITPOINT WARNING * * *
The azure jelly freezes you!!!
You die...

#### ###.. ##
##....###.#
###....#....####
#..............## ..
##.......<........
..##.................
............J........
...........JJ@J......
...........JJJJJ.....
...........JJJJJ.....
.............JJ......
...........JGJJ......
............(........
............G(.......
.........(.(.(.......
.....................


You could see the Royal Jelly, 6 acid blobs, 7 azure jellies, a slime creature,
a shining eye, 4 death oozes and a floating eye.

Vanquished Creatures
  Boris (Vaults:2)
  the Lernaean hydra (Swamp:4)
  Nikola (Spider:1)
  Asterion (Spider:4)
  8 acid blobs
  Frances (Spider:1)
  A storm dragon (Vaults:2)
  The ghost of qqqbard the Severer, an adept DDBe of Trog (Spider:3)
  A sphinx (Vaults:2)
  2 thorn hunters
  2 tengu reavers
  A fire giant (Vaults:2)
  4 azure jellies
  3 frost giants
  6 vault wardens
  A ghost moth (Spider:4)
  7 emperor scorpions (Spider:4)
  The ghost of DarkPRamza the Fighter, a journeyman MiHu of Trog (D:15)
  3 stone giants
  6 entropy weavers
  11 ironheart preservers
  A war gargoyle (Vaults:2)
  A spark wasp (Spider:3)
  Azrael (Spider:2)
  A dire elephant (Lair:5)
  2 death oozes
  2 ettins
  Snorg (D:11)
  4 great orbs of eyes
  A jiangshi (Vaults:2)
  2 fire dragons (Vaults:1)
  6 yaktaur captains
  4 ogre magi
  5 vault guards
  Harold (D:11)
  19 hydras
  2 ice dragons
  A ghost crab (Swamp:1)
  A catoblepas (Lair:5)
  3 centaur warriors
  2 tengu warriors
  7 alligators
  2 death knights (Vaults:1)
  4 deep troll earth magi
  17 two-headed ogres
  2 deep troll shamans (Vaults:4)
  2 orc high priests (Orc:2)
  4 deep elf knights
  Sonja (D:11)
  2 shadow wraiths
  A skeletal warrior (Vaults:2)
  A flayed ghost (Vaults:1)
  A glowing orange brain (Vaults:2)
  4 spriggan druids
  2 unseen horrors (shapeshifter)
  3 unseen horrors
  4 wizards
  17 swamp dragons
  3 deep elf archers
  9 ironbrand convokers
  13 deep trolls
  20 orc knights
  A lindwurm (Lair:4)
  3 shambling mangroves
  4 phantasmal warriors
  2 necromancers (Vaults:3)
  8 orc sorcerers
  5 shining eyes
  An orb spider (shapeshifter) (Vaults:3)
  5 oklob plants
  A shadow dragon skeleton (Vaults:3)
  18 orb spiders
  A tengu skeleton (Vaults:3)
  7 cyclopes
  17 deep elf magi
  48 ugly things
  25 wolf spiders
  4 salamanders (Volcano)
  13 elephants (Lair:5)
  6 vault sentinels
  An ice statue (IceCv)
  2 fire giant skeletons (Vaults:3)
  2 black mambas (Lair:4)
  A gargoyle (D:11)
  37 spiny frogs
  The ghost of paul the Magician, a novice GnWz of Wu Jian (D:4)
  3 rime drakes
  3 kobold demonologists
  13 demonic crawlers
  3 freezing wraiths
  9 yaktaurs
  An efreet (D:14)
  13 komodo dragons
  A tengu conjurer (D:14)
  5 trolls
  33 jumping spiders
  3 meliai (Spider:4)
  11 tyrant leeches
  13 polar bears
  2 polar bears (shapeshifter)
  A jumping spider (shapeshifter) (Vaults:1)
  Prince Ribbit (D:5)
  A blink frog (shapeshifter) (Vaults:4)
  A wind drake (shapeshifter) (Vaults:2)
  16 bog bodies
  15 hornets
  78 slime creatures
  19 blink frogs
  8 hippogriffs
  12 dream sheep
  A meliai zombie (D:11)
  A hippogriff (shapeshifter) (Vaults:2)
  64 yaks
  A shadow (Swamp:3)
  4 wraiths
  57 redbacks
  9 spriggans
  7 wyverns
  33 tarantellas
  2 fire elementals (Spider:2)
  2 vampires
  5 fire bats
  17 vampire mosquitoes
  2 basilisks
  2 hungry ghosts
  17 golden eyes
  Menkaure (D:6)
  A soldier ant (D:13)
  6 wargs
  11 insubstantial wisps
  18 swamp worms
  10 water moccasins
  3 acid dragons
  3 hell hounds
  2 ice beasts
  6 porcupines
  15 swamp drakes
  42 orc warriors
  5 sky beasts
  2 phantoms
  7 centaurs
  2 eyes of draining
  5 necrophages
  14 ogres
  5 boggarts
  48 wolves
  21 crocodiles
  3 big kobolds
  30 bullfrogs
  A gnoll sergeant (D:8)
  A water moccasin zombie (Ossuary)
  A water moccasin skeleton (D:5)
  3 scorpions
  A human simulacrum (Vaults:1)
  5 killer bees (D:10)
  3 electric eels
  19 wights
  12 crimson imps
  11 centaur zombies
  6 jellies
  A lava snake (D:15)
  3 hounds
  3 bullfrog zombies
  20 orc priests
  6 centaur skeletons
  Ijyb (D:4)
  2 bullfrog skeletons
  Terence (D:2)
  7 iguanas
  30 orc wizards
  9 worker ants
  3 big kobold zombies (Ossuary)
  A hound zombie (D:11)
  5 mummies
  4 worker ant zombies
  7 gnolls
  7 adders
  A shadow imp (D:12)
  12 white imps (Lair:4)
  3 oozes
  4 adder skeletons
  9 adder zombies
  A worm (D:2)
  4 leopard geckos
  101 orcs
  2 ball pythons
  5 giant cockroaches
  6 hobgoblins
  2 jackals (D:9)
  5 quokkas
  9 bats
  3 frilled lizards
  4 gnoll zombies (Ossuary)
  10 goblins
  6 hobgoblin zombies (Ossuary)
  10 kobolds
  4 kobold zombies (Ossuary)
  A leopard gecko skeleton (D:7)
  6 orc zombies (Ossuary)
  2 quokka skeletons
  8 rats
  5 briar patches (Swamp:3)
  5 fungi
  7 plants
1612 creatures vanquished.

Vanquished Creatures (collateral kills)
  A tentacled monstrosity (Swamp:2)
  A yaktaur captain (Vaults:1)
  A centaur warrior (Vaults:1)
  An orc high priest (Orc:2)
  A death yak (IceCv)
  An orc knight (Vaults:1)
  A deep elf archer (Vaults:1)
  An orb spider (Spider:4)
  A wolf spider (Spider:4)
  A moth of wrath (Spider:4)
  A cyclops (Vaults:1)
  A vault sentinel (Vaults:1)
  4 polar bears (IceCv)
  2 tyrant leeches (Lair:6)
  A blink frog (Lair:6)
  A redback (Spider:4)
  A tarantella (Spider:4)
  3 orc warriors (Vaults:1)
  3 wolves (Lair:6)
  2 centaurs (Vaults:1)
  A wight (D:11)
  An orc priest (Orc:2)
  An orc (Vaults:1)
  A briar patch (Swamp:4)
33 creatures vanquished.

Vanquished Creatures (others)
  A yaktaur captain (Vaults:2)
  A cyclops (D:13)
  2 yaktaurs (Vaults:2)
  A hornet (Swamp:3)
  A yak (IceCv)
  An orc warrior (Orc:1)
  2 wolves (IceCv)
  5 centaurs
  2 orcs
  A briar patch (Swamp:4)
  50 fungi
  16 plants
  A withered plant (D:11)
84 creatures vanquished.

Grand Total: 1729 creatures vanquished

Notes
Turn   | Place    | Note
-------+----------+-------------------------------------------
     0 | D:1      | marcelo90z the Minotaur Berserker began the quest for the Orb.
     0 | D:1      | Reached XP level 1. HP: 19/19 MP: 0/0
   237 | D:1      | Reached XP level 2. HP: 27/27 MP: 1/1
   241 | D:1      | Reached skill level 1 in Shields
   794 | D:2      | Reached ** piety under Trog
   952 | D:2      | Reached XP level 3. HP: 32/33 MP: 2/2
  1132 | D:2      | Noticed Terence
  1138 | D:2      | Killed Terence
  1138 | D:2      | Reached skill level 5 in Axes
  1138 | D:2      | Reached skill level 2 in Shields
  1138 | D:2      | Reached XP level 4. HP: 40/40 MP: 3/3
  1193 | D:2      | Found an opulent altar of Gozag.
  1276 | D:2      | Found a glowing golden altar of the Shining One.
  2175 | D:4      | Noticed Ijyb
  2187 | D:4      | Killed Ijyb
  2187 | D:4      | Reached skill level 3 in Shields
  2187 | D:4      | Reached XP level 5. HP: 43/46 MP: 4/4
  2235 | D:4      | Found a burning altar of Makhleb.
  2287 | D:4      | Noticed paul's ghost (novice GnWz)
  2308 | D:4      | Killed paul's ghost
  2308 | D:4      | Reached skill level 4 in Shields
  2308 | D:4      | Reached XP level 6. HP: 52/52 MP: 5/5
  2362 | D:4      | Reached XP level 7. HP: 58/58 MP: 6/6
  2448 | D:4      | Reached skill level 5 in Shields
  2938 | D:5      | Entered Level 5 of the Dungeon
  3407 | D:5      | Found a deep blue altar of Sif Muna.
  3420 | D:5      | Got a faintly glowing ring mail
  3431 | D:5      | Identified the +2 ring mail of Tebbulen {rPois Str-4 Dex+4 Slay+6} (You found it on level 5 of the Dungeon)
  3815 | D:5      | Noticed Prince Ribbit
  3823 | D:5      | Killed Prince Ribbit
  3823 | D:5      | Reached skill level 6 in Shields
  4062 | D:5      | Reached XP level 8. HP: 46/66 MP: 7/7
  4420 | D:6      | Found an iron altar of Okawaru.
  4425 | D:6      | Reached skill level 10 in Axes
  4494 | D:6      | Reached *** piety under Trog
  4668 | D:6      | Found a staircase to the Ecumenical Temple.
  4789 | D:6      | Found a burning altar of Makhleb.
  4896 | D:6      | Found a sand-covered staircase.
  4910 | Ossuary  | Entered an ossuary
  5091 | Ossuary  | Reached **** piety under Trog
  5241 | D:6      | Found a snail-covered altar of Cheibriados.
  5241 | D:6      | Noticed Menkaure
  5252 | D:6      | Killed Menkaure
  5612 | D:6      | Reached XP level 9. HP: 71/71 MP: 8/8
  5742 | Temple   | Entered the Ecumenical Temple
  5815 | D:7      | Found Mulemoro's Distillery.
  5815 | D:7      | Found Xiwetexu's Armour Shop.
  5943 | D:7      | Bought a potion of curing for 48 gold pieces
  5943 | D:7      | Bought a potion of heal wounds for 80 gold pieces
  5943 | D:7      | Bought a potion of agility for 64 gold pieces
  5943 | D:7      | Bought a potion of curing for 48 gold pieces
  6139 | D:7      | Found a white marble altar of Elyvilon.
  6142 | D:7      | Found an ancient bone altar of Kikubaaqudgha.
  6187 | D:7      | Identified a scroll of acquirement
  6207 | D:7      | Found a hazy altar of Hepliaklqana.
  6264 | D:7      | Found Plog's General Store.
  6266 | D:7      | Found Daamytw Nues's Assorted Antiques.
  6272 | D:7      | Bought a scroll of identify for 48 gold pieces
  6272 | D:7      | Bought a scroll labeled SENOEL XIX for 24 gold pieces
  6272 | D:7      | Bought a scroll labeled JEUSOD CESKO for 24 gold pieces
  6272 | D:7      | Bought a potion of heal wounds for 120 gold pieces
  6273 | D:7      | Found Olaneil's Book Shop.
  6315 | D:7      | Bought a potion of mutation for 96 gold pieces
  6366 | D:7      | Found a radiant altar of Vehumet.
  6366 | D:7      | Found a deep blue altar of Sif Muna.
  6369 | D:7      | Gained mutation: You tend to lose your temper in combat. [potion of mutation]
  6369 | D:7      | Gained mutation: You are somewhat resistant to further mutation. [potion of mutation]
  6370 | D:7      | Lost mutation: You are somewhat resistant to further mutation. [potion of mutation]
  6370 | D:7      | Lost mutation: You tend to lose your temper in combat. [potion of mutation]
  6370 | D:7      | Gained mutation: Scrolls take you a little longer to read. [potion of mutation]
  6370 | D:7      | Gained mutation: You are somewhat resistant to further mutation. [potion of mutation]
  6667 | D:8      | Reached ***** piety under Trog
  7176 | D:9      | Found a shattered altar of Ashenzari.
  7180 | D:9      | Found an opulent altar of Gozag.
  7298 | D:9      | Found a bloodstained altar of Trog.
  7404 | D:9      | Noticed a two-headed ogre
  7408 | D:9      | Killed a two-headed ogre
  7572 | D:9      | Reached skill level 15 in Axes
  7578 | D:9      | Reached XP level 10. HP: 51/78 MP: 9/9
  7776 | D:9      | Received a gift from Trog
  7777 | D:9      | Got a translucent quarterstaff {god gift}
  7793 | D:9      | Identified the +8 quarterstaff of Punishment {crush, +Rage +Inv rF+ Str-2} (Trog gifted it to you on level 9 of the Dungeon)
  7840 | D:9      | Found an iron altar of Okawaru.
  7930 | D:9      | Noticed a two-headed ogre
  7938 | D:9      | Killed a two-headed ogre
  8007 | D:9      | Found a stormy altar of Qazlal.
  8098 | D:9      | Found a staircase to the Lair.
  8254 | D:10     | Entered Level 10 of the Dungeon
  8690 | D:10     | Noticed a two-headed ogre
  8697 | D:10     | Killed a two-headed ogre
  8697 | D:10     | Reached XP level 11. HP: 81/83 MP: 10/10
  8918 | D:11     | Noticed Snorg
  8923 | D:11     | Noticed a green ugly thing
  8928 | D:11     | HP: 2/83 [Snorg (4)]
  8998 | D:11     | Reached skill level 7 in Shields
  9106 | D:11     | Killed Snorg
  9393 | D:11     | Killed a green ugly thing
  9457 | D:11     | Reached skill level 5 in Fighting
  9457 | D:11     | Reached skill level 8 in Shields
  9549 | D:11     | Noticed a brown ugly thing
  9563 | D:10     | Killed a brown ugly thing
  9668 | D:11     | Found a staircase to the Orcish Mines.
  9707 | D:11     | Noticed a vault guard
  9722 | D:11     | Killed a vault guard
  9722 | D:11     | Reached skill level 5 in Armour
  9722 | D:11     | Reached skill level 9 in Shields
  9909 | D:11     | Found a portal to a secret trove of treasure.
  9950 | D:11     | Noticed Harold
  9954 | D:11     | Killed Harold
 10045 | D:11     | Reached skill level 5 in Dodging
 10185 | D:11     | Noticed Sonja
 10196 | D:11     | Killed Sonja
 10274 | D:12     | Noticed a brown ugly thing
 10283 | D:12     | Killed a brown ugly thing
 10283 | D:12     | Reached XP level 12. HP: 52/97 MP: 11/11
 10550 | D:12     | Reached skill level 10 in Shields
 11046 | D:12     | Found a snail-covered altar of Cheibriados.
 11269 | D:13     | Reached skill level 11 in Shields
 11270 | D:13     | Noticed a two-headed ogre
 11275 | D:13     | Killed a two-headed ogre
 11279 | D:13     | Noticed a vault guard
 11290 | D:13     | Killed a vault guard
 11295 | D:13     | Found a gate to the Vaults.
 11679 | D:13     | Got a pair of translucent gloves
 11690 | D:13     | Identified the +1 pair of gloves of Cowardice {rPois Str+4 Slay+2} (You found it on level 13 of the Dungeon)
 11704 | D:13     | Reached skill level 12 in Shields
 11827 | D:13     | Reached ****** piety under Trog
 12116 | D:14     | Reached XP level 13. HP: 108/108 MP: 12/12
 12204 | D:14     | Lost mutation: Scrolls take you a little longer to read. [potion of mutation]
 12204 | D:14     | Lost mutation: You are somewhat resistant to further mutation. [potion of mutation]
 12204 | D:14     | Gained mutation: You are resistant to hostile enchantments. (MR+) [potion of mutation]
 12204 | D:14     | Gained mutation: You have large cloven feet. [potion of mutation]
 12221 | D:14     | Found Eganep's Distillery.
 12229 | D:14     | Bought a potion of mutation for 104 gold pieces
 12229 | D:14     | Bought a potion of curing for 39 gold pieces
 12229 | D:14     | Bought a potion of heal wounds for 65 gold pieces
 12229 | D:14     | Bought a potion of curing for 39 gold pieces
 12582 | D:14     | Received a gift from Trog
 13030 | D:14     | Reached skill level 13 in Shields
 13353 | D:15     | Entered Level 15 of the Dungeon
 13431 | D:15     | Noticed DarkPRamza's ghost (journeyman MiHu)
 13453 | D:15     | Killed DarkPRamza's ghost
 13454 | D:15     | Reached skill level 10 in Fighting
 13712 | D:15     | Reached skill level 10 in Armour
 13739 | D:15     | Noticed an ettin
 13750 | D:15     | Killed an ettin
 13835 | D:15     | Found a glowing golden altar of the Shining One.
 13999 | D:15     | Reached skill level 1 in Throwing
 14029 | D:15     | Received a gift from Trog
 14031 | D:15     | Reached XP level 14. HP: 122/122 MP: 13/13
 14107 | D:15     | Found a staircase to the Depths.
 14294 | Depths:1 | Entered Level 1 of the Depths
 14477 | Lair:1   | Entered Level 1 of the Lair of Beasts
 15376 | Lair:2   | Reached skill level 14 in Shields
 15461 | Lair:2   | Reached skill level 10 in Dodging
 15542 | Lair:2   | Found a hole to the Spider Nest.
 16069 | Lair:2   | Found the +0 mask of the Dragon {MR+ Slay+3 SInv}
 16412 | Lair:3   | Received a gift from Trog
 16934 | Lair:3   | Found a staircase to the Swamp.
 16981 | Lair:3   | Reached skill level 5 in Throwing
 17201 | Lair:3   | Identified the Collected Works on Enchantment and Benedictions
 18234 | Lair:4   | Found a frozen archway.
 18261 | IceCv    | Entered an ice cave
 19013 | IceCv    | Received a gift from Trog
 19199 | IceCv    | Noticed a frost giant
 19210 | IceCv    | Killed a frost giant
 19239 | IceCv    | Got a wavering lapis lazuli ring
 19271 | IceCv    | Identified the ring of Qome {rC+ rN++ Int-3} (You found it in an ice cave)
 19343 | Lair:4   | Found the ring of Robustness {AC+8}
 19453 | Lair:4   | Got a polished plate armour
 19464 | Lair:4   | Identified the +9 plate armour of the Tormentor {rPois Regen+ Int+9} (You found it on level 4 of the Lair of Beasts)
 19731 | Lair:4   | Reached XP level 15. HP: 129/129 MP: 14/14
 20100 | Lair:5   | Reached skill level 15 in Shields
 20228 | Lair:5   | Found a dark tunnel.
 20297 | Volcano  | Entered a volcano
 20328 | Volcano  | Received a gift from Trog
 20350 | Volcano  | Got an ichor-stained broad axe {god gift}
 20351 | Volcano  | Identified the +2 broad axe "Yzuexu" {freeze, Dex+4} (Trog gifted it to you in a volcano)
 20544 | Lair:5   | Reached skill level 10 in Throwing
 20827 | Lair:6   | Entered Level 6 of the Lair of Beasts
 21094 | Lair:6   | Received a gift from Trog
 21383 | Lair:6   | Found a staircase to the Slime Pits.
 22122 | Orc:1    | Entered Level 1 of the Orcish Mines
 22329 | Orc:1    | Received a gift from Trog
 22722 | Orc:2    | Entered Level 2 of the Orcish Mines
 22895 | Orc:2    | Found Guitedet's Antique Armour Emporium.
 22957 | Orc:2    | Found a staircase to the Elven Halls.
 23429 | Orc:2    | Received a gift from Trog
 23431 | Orc:2    | Reached XP level 16. HP: 111/137 MP: 15/15
 23436 | Orc:2    | Found Leroleog's Armour Boutique.
 23436 | Orc:2    | Found Xadumosk's Gadget Emporium.
 23440 | Orc:2    | Found Duykh's Weapon Boutique.
 23440 | Orc:2    | Found Zokat's Book Emporium.
 23533 | Orc:2    | Bought the +2 cloak of Okawaru's Supremacy {rCorr} for 352 gold pieces
 23838 | Swamp:1  | Entered Level 1 of the Swamp
 23895 | Swamp:1  | Received a gift from Trog
 24619 | Swamp:2  | Reached skill level 15 in Throwing
 25433 | Swamp:2  | Noticed a tentacled monstrosity
 25487 | Swamp:2  | Killed a tentacled monstrosity
 25487 | Swamp:2  | Received a gift from Trog
 25752 | Swamp:3  | Noticed a thorn hunter
 25762 | Swamp:3  | Killed a thorn hunter
 26359 | Swamp:4  | Entered Level 4 of the Swamp
 26717 | Swamp:4  | Received a gift from Trog
 26729 | Swamp:4  | Noticed a thorn hunter
 26747 | Swamp:4  | Reached XP level 17. HP: 88/146 MP: 16/16
 26985 | Swamp:4  | Noticed the 27-headed Lernaean hydra
 26994 | Swamp:4  | Killed the 26-headed Lernaean hydra
 26994 | Swamp:4  | Reached skill level 16 in Shields
 27223 | Swamp:4  | Got a decaying rune of Zot
 27403 | Spider:1 | Entered Level 1 of the Spider Nest
 27403 | Spider:1 | Noticed Frances
 27410 | Spider:1 | Received a gift from Trog
 27422 | Spider:1 | Killed Frances
 27610 | Spider:1 | Received a gift from Trog
 27610 | Spider:1 | Reached skill level 1 in Evocations
 27611 | Spider:1 | Got a translucent war axe {god gift}
 27623 | Spider:1 | Identified the +1 war axe "Antuqac" {venom, rN+ MR+} (Trog gifted it to you on level 1 of the Spider Nest)
 27720 | Spider:1 | Got a shimmering copper ring
 27843 | Spider:1 | Noticed Nikola
 27852 | Spider:1 | Killed Nikola
 28502 | Spider:2 | Noticed Azrael
 28512 | Spider:2 | Killed Azrael
 29133 | Spider:3 | Noticed qqqbard's ghost (adept DDBe)
 29146 | Spider:3 | Killed qqqbard's ghost
 29240 | Spider:3 | Received a gift from Trog
 29360 | Spider:3 | Identified the ring "Moqefin" {*Slow rElec MR+ Int-4 Dex+7 Stlth+} (You found it on level 1 of the Spider Nest)
 29663 | Spider:4 | Entered Level 4 of the Spider Nest
 29663 | Spider:4 | Noticed Asterion
 29673 | Spider:4 | Reached skill level 5 in Evocations
 29688 | Spider:4 | Killed Asterion
 29705 | Spider:4 | Reached XP level 18. HP: 131/157 MP: 21/21
 29837 | Spider:4 | Received a gift from Trog
 29925 | Spider:4 | Got a gossamer rune of Zot
 30254 | Spider:4 | Reached skill level 17 in Shields
 30744 | Vaults:1 | Entered Level 1 of the Vaults
 30771 | Vaults:1 | Received a gift from Trog
 31345 | Vaults:1 | Received a gift from Trog
 32047 | Vaults:1 | Received a gift from Trog
 32585 | Vaults:2 | Reached XP level 19. HP: 167/167 MP: 24/24
 32813 | Vaults:2 | Noticed Boris
 32824 | Vaults:2 | Killed Boris
 32827 | Vaults:2 | Received a gift from Trog
 32842 | Vaults:2 | Found a staircase to the Crypt.
 33274 | Vaults:2 | Found Ubon's Gadget Emporium.
 33738 | Vaults:3 | Reached skill level 18 in Shields
 33767 | Vaults:3 | Reached skill level 15 in Fighting
 33790 | Vaults:3 | Received a gift from Trog
 33803 | Vaults:3 | Reached skill level 15 in Armour
 33962 | Vaults:3 | Reached skill level 10 in Evocations
 34413 | Vaults:3 | Received a gift from Trog
 34930 | Vaults:4 | Found Jegown Yfiar's Gadget Shop.
 34934 | Vaults:4 | Bought a phantom mirror for 480 gold pieces
 34977 | Vaults:4 | Reached XP level 20. HP: 136/180 MP: 26/26
 35248 | Vaults:4 | Found Voadduth's General Store.
 35252 | Vaults:4 | Bought 2 potions of heal wounds for 140 gold pieces
 35252 | Vaults:4 | Bought a potion of curing for 42 gold pieces
 35368 | Vaults:4 | Found Jouwiuts's Antique Armour Emporium.
 35370 | Vaults:4 | Found Vieg's Gadget Emporium.
 35381 | Vaults:4 | Found Yjuon's Antique Weapon Emporium.
 35385 | Vaults:4 | Received a gift from Trog
 36393 | Slime:1  | Entered Level 1 of the Pits of Slime
 37331 | Slime:3  | Gained mutation: You tend to lose your temper in combat. [a shining eye]
 37333 | Slime:3  | Gained mutation: Your body sometimes deteriorates upon taking damage. [a shining eye]
 37334 | Slime:3  | Received a gift from Trog
 37754 | Slime:4  | Reached skill level 15 in Dodging
 37768 | Slime:4  | Reached skill level 19 in Shields
 37874 | Slime:4  | Received a gift from Trog
 38182 | Slime:5  | Entered Level 5 of the Pits of Slime
 38196 | Slime:5  | Gained mutation: Armour fits poorly on your strangely shaped body. [a shining eye]
 38199 | Slime:5  | Gained mutation: You are dopey. (Int -2) [a shining eye]
 38203 | Slime:5  | Gained mutation: You occasionally shout uncontrollably at your foes. [a shining eye]
 38335 | Slime:5  | Found a viscous altar of Jiyva.
 38336 | Slime:5  | Noticed the Royal Jelly
 38353 | Slime:5  | Paralysed by a floating eye for 3 turns
 38371 | Slime:5  | Paralysed by a floating eye for 3 turns
 38373 | Slime:5  | Mangled by an azure jelly

Vault maps used:
D:1:      moated_graveyard_arrival
D:2:      nicolae_gozag_cash_rules_everything_around_me, tso_oasis_becter,
          uniq_terence
D:3:      first_bread
D:4:      lightli_temple_of_fire, minmay_ruptured, uniq_ijyb
D:5:      lemuel_blue_sif_altar, uniq_prince_ribbit1
D:6:      lemuel_crystal_altar, minmay_temple_entry_statues_fountains,
          basic_altar, nicolae_ossuary_entry_ruins, serial_park_tiny_2,
          bloody_makhleb, uniq_menkaure
D:7:      kennysheep_mini, nicolae_overflow_hidden_temple,
          grunt_temple_overflow_open, serial_shops, shop, shop, shop, shop, shop
D:9:      nicolae_ashenzari_panopticon, nicolae_qazlal_style_of_elements,
          nicolae_overflow_crystal_walls, okawaru_metal_pillars_3,
          erik_lair_dragon, basic_altar, minmay_misc_feat_cross
D:11:     david_orc_4, enter_trove_5, serial_undead, serial_undead_d,
          serial_undead_f, serial_undead_e, serial_undead_f, serial_undead_e,
          serial_undead_a, serial_undead_c, serial_undead_a, serial_undead_a,
          serial_undead_d, uniq_snorg, uniq_harold, uniq_sonja
D:12:     basic_altar, grunt_ogre_cave
D:13:     david_vaults_5
D:14:     serial_shops, shop, hex_tiny
D:15:     hangedman_depths_entry_civil_slaughter, minmay_misc_feat_rows,
          kennysheep_flooded_box
Temple:   compressed_dpeg_triangle_lava_temple
Lair:1:   grunt_megastairs_5
Lair:2:   nicolae_spider_entry_tight_spaces
Lair:3:   swamp_mist_pool, minmay_lair_oklob_chamber, infiniplex_staircase_pool,
          lemuel_fruit_tree, serial_bayou_shore_a, grunt_megastairs_2
Lair:4:   portal_ice_cave_entry_imps, lemuel_fruit_fields, serial_bayou_shore_b,
          grunt_megastairs_3
Lair:5:   mu_elephants_graveyard, nicolae_volcano_entry_hallway,
          wad_woods_road_03
Lair:6:   minmay_lair_end_frog_pond, nicolae_slime_entry_slimehenge,
          lab_entry_generic, minivault_11, st_stairs_9,
          grunt_forest_large_clearings
Swamp:1:  serial_swamp_ruin, evilmike_swamp_ruin_house_4,
          evilmike_swamp_ruin_house_6, evilmike_swamp_ruin_house_5,
          st_swamp_ruins_1
Swamp:2:  cheibrodos_swamp_monstrosity, nicolae_swamp_very_dense_foliage,
          swamp_pool1
Swamp:3:  evilmike_swamp_ruin_rubble_1
Swamp:4:  grunt_swamp_rune_castle
Spider:1: uniq_nikola, uniq_frances
Spider:2: nicolae_spider_cling_ruins, uniq_azrael
Spider:4: grunt_spider_rune_circles, nicolae_spider_circle_web, uniq_asterion
Slime:2:  cheibrodos_slime_lost_civilization_2
Orc:1:    nicolae_orc_pool_cavern
Orc:2:    grunt_orc_tribal_feast, serial_shops, shop_fountains
Vaults:1: ontoclasm_vaults_gateway, nicolae_vaults_network_star,
          nicolae_vaults_network_periphery, hangedman_vaults_snaps,
          ontoclasm_vaults_pinch, vaults_standard_mumra_enter_the_diamond,
          nicolae_vaults_shelves_hall, vaults_room_stairs_pillars,
          nicolae_vaults_alarming, ontoclasm_vaults_fault
Vaults:2: v_misc_25, v_misc_5, nicolae_vaults_good_morning_starshine,
          hangedman_vaults_stitches, v_alt_pattern_4, ontoclasm_vaults_shuriken,
          ontoclasm_vaults_ligature, minmay_crypt_entry_simple_plaza,
          nicolae_vaults_big_ls, nicolae_vaults_little_squares_3,
          vaults_room_corners, vaults_room_hallway, hangedman_vaults_slice,
          serial_shops, shop, uniq_boris
Vaults:3: ontoclasm_vaults_decontamination, v_misc_12, v_misc_14,
          vaults_mumra_hex, vaults_room_door_hall,
          nicolae_vaults_little_squares_1, hangedman_vaults_nails,
          nicolae_vaults_little_squares_5, v_pattern_4, ontoclasm_vaults_idyll,
          ontoclasm_vaults_ring_small, nicolae_vaults_twisting_passages,
          vaults_dpeg_diagonal
Vaults:4: ontoclasm_vaults_chip, ontoclasm_vaults_hangar, v_misc_27,
          v_alt_pattern_6, v_misc_11, grunt_vaults_bifocal,
          vaults_room_ringed_pool, v_misc_16, kb_rosetta,
          hangedman_vaults_corner, v_misc_8, v_misc_10, vaults_dpeg_ring,
          serial_shops, nicolae_shop_temple_entry_statues_fountains,
          nicolae_shop_trees, shop, shop, nicolae_shop_behind_doors
Depths:1: minmay_quarter_circles, abyss_entry_small_statue_room,
          pf_vacation_house_of_asmodeus, grunt_decor_arrowhead, serial_shops,
          nicolae_shop_behind_doors, hangedman_glass_teeth,
          minmay_misc_feat_square, hangedman_decor_clover_reticule,
          kennysheep_generic_room_11
Ossuary:  ossuary_tomb_2
IceCv:    ice_cave_caverns_02
Volcano:  volcano_village

Skill      XL: |  1  2  3  4  5  6  7  8  9 10 11 12 13 14 15 16 17 18 19 20 |
---------------+-------------------------------------------------------------+-----
Axes           | 4 5 6 8 9 12 15 17 18 | 18.0
Shields        | 1 2 3 4 6 9 12 13 14 15 16 17 18 19 | 19.0
Fighting       | 6 8 10 11 13 14 15 17 | 17.6
Armour         | 5 8 10 11 13 14 15 16 | 16.2
Dodging        | 5 7 9 10 12 13 14 15 | 15.1
Throwing       | 1 8 13 16 | 16.1
Evocations     | 5 8 10 11 | 11.2

Action                   |  1- 3 |  4- 6 |  7- 9 | 10-12 | 13-15 | 16-18 | 19-21 || total
-------------------------+-------+-------+-------+-------+-------+-------+-------++-------
Melee: Hand axe          |    60 |    90 |    91 |       |       |       |       ||   241
       Headbutt          |     8 |    19 |    62 |   132 |   257 |   329 |   252 ||  1059
       War axe           |       |       |   186 |       |    65 |   157 |       ||   408
       Broad axe         |       |       |    37 |   437 |   830 |   904 |   635 ||  2843
       Flail             |       |       |       |     9 |       |       |       ||     9
Throw: Tomahawk          |       |       |       |     4 |   151 |    19 |     1 ||   175
       Javelin           |       |       |       |       |     5 |    33 |    53 ||    91
       Throwing net      |       |       |       |       |     2 |       |       ||     2
Invok: Berserk           |     1 |     1 |     2 |     2 |     6 |     6 |     1 ||    19
       Trog's Hand       |       |     1 |     3 |     4 |     6 |     4 |     4 ||    22
       Brothers in Arms  |       |       |       |     1 |     3 |     9 |       ||    13
       Burn Spellbooks   |       |       |       |       |     1 |     1 |       ||     2
Evoke: Wand              |       |       |       |     1 |     3 |    10 |     6 ||    20
       Fan of gales      |       |       |       |       |     1 |       |       ||     1
  Use: Scroll            |     5 |       |    26 |     8 |    23 |     6 |    12 ||    80
       Potion            |       |       |     2 |     3 |     3 |     4 |     2 ||    14
 Stab: Confused          |       |       |       |       |     1 |     2 |       ||     3
       Distracted        |       |       |       |       |     1 |     1 |       ||     2
  Eat: Chunk             |     1 |     6 |    15 |    18 |    30 |    30 |    13 ||   113
       Bread ration      |       |       |     1 |       |     2 |     2 |     2 ||     7
       Fruit             |       |       |       |     2 |       |     4 |       ||     6
       Royal jelly       |       |       |       |       |     2 |       |       ||     2
Armor: Animal skin       |    13 |     1 |       |       |       |       |       ||    14
       Scale mail        |       |    39 |    49 |       |       |       |       ||    88
       Ring mail         |       |       |     4 |       |       |       |       ||     4
       Chain mail        |       |       |     7 |    59 |   113 |       |       ||   179
       Plate armour      |       |       |       |       |    87 |   528 |   178 ||   793
Dodge: Dodged            |    36 |    26 |    58 |    65 |   225 |   428 |   180 ||  1018
Block: Buckler           |     7 |     2 |       |       |       |       |       ||     9
       Shield            |       |    31 |   216 |   299 |   713 |  1206 |   578 ||  3043
       Reflection        |       |       |     8 |    32 |    37 |    31 |    23 ||   131

Table legend:
 A = Spawn XP
 B = Non-spawn XP
 C = Spawn XP percentage of total XP
 D = Spawn monster count
 E = Non-spawn monster count
 F = Spawn count percentage of total count
 G = Total turns spent on level
                    A         B        C        D         E        F      G
               +---------+---------+-------+---------+---------+-------+---------
         Total |       0 |  564344 |   0.0 |       0 |    1638 |   0.0 | 38373
               +---------+---------+-------+---------+---------+-------+---------
           D:1 |       0 |      28 |   0.0 |       0 |      19 |   0.0 |   734
           D:2 |       0 |      74 |   0.0 |       0 |      14 |   0.0 |   590
           D:3 |       0 |      71 |   0.0 |       0 |      15 |   0.0 |   819
           D:4 |       0 |     686 |   0.0 |       0 |      14 |   0.0 |   795
           D:5 |       0 |     661 |   0.0 |       0 |      14 |   0.0 |  1466
           D:6 |       0 |    1031 |   0.0 |       0 |      38 |   0.0 |  1066
           D:7 |       0 |     582 |   0.0 |       0 |      15 |   0.0 |   669
           D:8 |       0 |     303 |   0.0 |       0 |      13 |   0.0 |   801
           D:9 |       0 |    5341 |   0.0 |       0 |      38 |   0.0 |  1339
          D:10 |       0 |    2963 |   0.0 |       0 |      20 |   0.0 |   789
          D:11 |       0 |    9421 |   0.0 |       0 |      58 |   0.0 |  1531
          D:12 |       0 |    5835 |   0.0 |       0 |      23 |   0.0 |  1004
          D:13 |       0 |   10144 |   0.0 |       0 |      40 |   0.0 |   898
          D:14 |       0 |   12171 |   0.0 |       0 |      44 |   0.0 |  1261
          D:15 |       0 |   15907 |   0.0 |       0 |      51 |   0.0 |   965
        Lair:1 |       0 |    7299 |   0.0 |       0 |      36 |   0.0 |   844
        Lair:2 |       0 |    7921 |   0.0 |       0 |      32 |   0.0 |  1245
        Lair:3 |       0 |    6297 |   0.0 |       0 |      22 |   0.0 |  1934
        Lair:4 |       0 |    4857 |   0.0 |       0 |      29 |   0.0 |   813
        Lair:5 |       0 |   11984 |   0.0 |       0 |      35 |   0.0 |   736
        Lair:6 |       0 |   23972 |   0.0 |       0 |     113 |   0.0 |  1104
       Swamp:1 |       0 |   15685 |   0.0 |       0 |      31 |   0.0 |   801
       Swamp:2 |       0 |   15122 |   0.0 |       0 |      37 |   0.0 |  1048
       Swamp:3 |       0 |   14330 |   0.0 |       0 |      34 |   0.0 |   695
       Swamp:4 |       0 |   32906 |   0.0 |       0 |      70 |   0.0 |   949
      Spider:1 |       0 |   20243 |   0.0 |       0 |      43 |   0.0 |   907
      Spider:2 |       0 |   11748 |   0.0 |       0 |      28 |   0.0 |   844
      Spider:3 |       0 |   16319 |   0.0 |       0 |      41 |   0.0 |   620
      Spider:4 |       0 |   40664 |   0.0 |       0 |      85 |   0.0 |   745
       Slime:1 |       0 |   11644 |   0.0 |       0 |      24 |   0.0 |   737
       Slime:2 |       0 |   10754 |   0.0 |       0 |       9 |   0.0 |   185
       Slime:3 |       0 |   10599 |   0.0 |       0 |      28 |   0.0 |   429
       Slime:4 |       0 |   10469 |   0.0 |       0 |      17 |   0.0 |   438
       Slime:5 |       0 |    7042 |   0.0 |       0 |      12 |   0.0 |   191
         Orc:1 |       0 |    2147 |   0.0 |       0 |      24 |   0.0 |   626
         Orc:2 |       0 |   10228 |   0.0 |       0 |      61 |   0.0 |   874
      Vaults:1 |       0 |   33871 |   0.0 |       0 |      77 |   0.0 |  1411
      Vaults:2 |       0 |   70359 |   0.0 |       0 |     101 |   0.0 |  1596
      Vaults:3 |       0 |   46877 |   0.0 |       0 |      72 |   0.0 |  1245
      Vaults:4 |       0 |   40330 |   0.0 |       0 |      69 |   0.0 |  1100
       Ossuary |       0 |     259 |   0.0 |       0 |      33 |   0.0 |   305
         IceCv |       0 |   11405 |   0.0 |       0 |      50 |   0.0 |  1045
       Volcano |       0 |    3795 |   0.0 |       0 |       9 |   0.0 |   175
               +---------+---------+-------+---------+---------+-------+---------
